 Dungeon Crawl Stone Soup version 0.23.0-3-gf3c87f2df8 (webtiles) character file.

Game seed: 3390443493692425228

322 Revguard the Chopper (level 6, -3/49 HPs)
             Began as a Formicid Monk on Feb 21, 2019.
             Slain by a gnoll
             ... wielding a +0 halberd
              (14 damage)
             ... on level 4 of the Dungeon.
             The game lasted 00:12:01 (3023 turns).

Revguard the Chopper (Formicid Monk)                Turns: 3023, Time: 00:12:02

Health: -3/49      AC:  8    Str: 15    XL:     6   Next: 76%
Magic:  6/6        EV: 11    Int: 10    God:
Gold:   115        SH:  0    Dex: 15    Spells: 5/5 levels left

rFire    . . .     SeeInvis +   a - +0 hand axe
rCold    . . .     Gourm    .   (no shield)
rNeg     . . .     Faith    .   n - +0 scale mail
rPois    .         Spirit   .   (helmet unavailable)
rElec    .         Reflect  .   (no cloak)
rCorr    .         Harm     .   b - +0 pair of gloves
MR       .....                  (no boots)
Stlth    +.........             s - amulet of the acrobat
HPRegen  0.16/turn              (no ring)
MPRegen  0.10/turn              (no ring)

@: no status effects
A: permanent stasis, dig shafts and tunnels, four strong arms, antennae 3
a: Dig, Shaft Self


You were on level 4 of the Dungeon.
You were hungry.

You visited 1 branch of the dungeon, and saw 4 of its levels.

You collected 115 gold pieces.

Inventory:

Hand Weapons
 a - a +0 hand axe (weapon)
Armour
 b - a +0 pair of gloves (worn)
 n - a +0 scale mail (worn)
Jewellery
 s - an amulet of the acrobat (around neck)
Scrolls
 h - a scroll of random uselessness {unknown}
 j - a scroll of enchant armour {unknown}
 k - a scroll of teleportation {unknown}
 q - a scroll of remove curse {unknown}
Potions
 i - a potion of degeneration
 l - a potion of agility
 m - a potion of haste
 o - a potion of magic
 p - a potion of flight
Comestibles
 c - 6 rations
 f - a chunk of flesh


   Skills:
 + Level 4.3 Fighting
 + Level 5.1 Axes
 + Level 3.2 Armour
 + Level 3.5 Dodging
 - Level 2.4 Stealth


You had 5 spell levels left.
You didn't know any spells.
Your spell library was empty.

Dungeon Overview and Level Annotations

Branches:
Dungeon (4/15)
 Temple: D:4-7

Altars:
Okawaru
Trog
Yredelemnul


Innate Abilities, Weirdness & Mutations

You cannot be hasted, slowed, berserked, paralysed or teleported.
You can dig through walls and to a lower floor.
Your four strong arms can wield two-handed weapons with a shield.
You have a pair of large antennae on your head. (SInv)


Message History

The phantom is moderately damaged.
You are feeling hungry.
The phantom blinks!
The phantom completely misses you.
You hit the phantom.
The phantom is heavily damaged.
The phantom hits you but does no damage.
You hit the phantom but do no damage.
The phantom is moderately damaged.
The phantom closely misses you.
You feel a little less agile now. The phantom misses you.
The gnoll completely misses you.
The phantom blinks!
You hit the gnoll but do no damage.
You feel a little less clever now. The gnoll barely misses you.
You hit the gnoll.
The gnoll is heavily wounded.
The gnoll hits you with a +0 halberd!
You die...

..#### .# #......... #.....
.###...#..... .##......
...#...#...
........##...#.....#
##..........# #....#
#..........# ##...##
.#.###......# #.....#
....#...#...###..##)#
.#.....#.#..#...@...###+# .#
#........W#.g....#..#.##
.####.........##............
>..###.##.....###.....##....
...............#.......#....
....................<......
..................####......
.#.................## ......
.###..[.............##.>....


You could see a phantom and a gnoll.

Vanquished Creatures
  A hound (D:2)
  Crazy Yiuf (D:2)
  Jessica (D:2)
  A worker ant (D:4)
  Robin (D:2)
  6 adders
  2 gnolls (D:4)
  4 oozes
  A worm (D:3)
  4 dart slugs
  2 leopard geckos
  4 orcs
  4 giant cockroaches
  2 gnoll zombies (D:3)
  13 goblins
  12 hobgoblins
  4 jackals (D:3)
  2 quokkas
  A ball python (D:2)
  10 bats
  9 frilled lizards
  9 kobolds
  11 rats
105 creatures vanquished.

Notes
Turn   | Place    | Note
-------+----------+-------------------------------------------
     0 | D:1      | Revguard the Formicid Monk began the quest for the Orb.
     0 | D:1      | Reached XP level 1. HP: 18/18 MP: 1/1
    70 | D:1      | Reached XP level 2. HP: 24/24 MP: 2/2
   267 | D:1      | Reached skill level 1 in Armour
   267 | D:1      | Reached XP level 3. HP: 21/29 MP: 3/3
   874 | D:2      | Reached XP level 4. HP: 34/37 MP: 4/4
   894 | D:2      | Found an iron altar of Okawaru.
  1001 | D:2      | Reached skill level 4 in Axes
  1211 | D:2      | Found a runed translucent door.
  1319 | D:2      | Reached XP level 5. HP: 42/42 MP: 5/5
  1386 | D:2      | Noticed Robin
  1411 | D:2      | Killed Robin
  1612 | D:2      | Noticed Jessica
  1620 | D:2      | Killed Jessica
  1729 | D:2      | Noticed Crazy Yiuf
  1749 | D:2      | Killed Crazy Yiuf
  1749 | D:2      | Reached XP level 6. HP: 20/48 MP: 3/6
  2228 | D:3      | Found a basalt altar of Yredelemnul.
  2381 | D:3      | Found a bloodstained altar of Trog.
  2915 | D:4      | Noticed a phantom
  2964 | D:4      | Reached skill level 5 in Axes
  3023 | D:4      | Slain by a gnoll

Skill      XL: |  1  2  3  4  5  6 |
---------------+-------------------+-----
Armour         | 1 2 3 |  3.2
Dodging        | 3 |  3.5
Axes           | 4 5 |  5.1
Fighting       | 4 |  4.3
Stealth        | |  2.4

Action                   |  1- 3 |  4- 6 || total
-------------------------+-------+-------++-------
Melee: Hand axe          |    77 |   330 ||   407
 Abil: Dig               |       |     1 ||     1
  Use: Scroll            |       |     7 ||     7
       Potion            |       |     6 ||     6
 Stab: Sleeping          |     6 |     1 ||     7
       Distracted        |     1 |       ||     1
  Eat: Chunk             |       |     7 ||     7
Armor: Robe              |    23 |       ||    23
       Ring mail         |     6 |    10 ||    16
       Scale mail        |       |    91 ||    91
       Skin              |       |    52 ||    52
Dodge: Dodged            |    77 |   186 ||   263
